 Dungeon Crawl Stone Soup version 0.29-a0-551-gffc1d7fb78 (webtiles) character file.

Game seed: 12516945508106312032

14 Hubjo the Chucker (level 2, 0/22 HPs)
             Began as a Demonspawn Wanderer on June 5, 2022.
             Slain by a gnoll
             ... wielding a +2 spear of freezing
              (1 damage)
             ... on level 1 of the Dungeon.
             The game lasted 00:03:02 (287 turns).

Hubjo the Chucker (Demonspawn Wanderer)              Turns: 287, Time: 00:03:03

Health: 0/22       AC:  8    Str: 14    XL:     2   Next: 31%
Magic:  2/2        EV:  9    Int:  9    God:
Gold:   14         SH:  0    Dex: 14    Spells: 1/1 levels left

rFire   . . .      SeeInvis .   a - +2 dagger
rCold   . . .      Faith    .   (no shield)
rNeg    . . .      Spirit   .   d - +0 scale mail
rPois   .          Reflect  .   (no helmet)
rElec   .          Harm     .   (no cloak)
rCorr   .          Rampage  .   (no gloves)
Will    .....                   (no boots)
Stlth   ..........              (no amulet)
HPRegen 0.07/turn               (no ring)
MPRegen 0.08/turn               (no ring)

@: no status effects
A: yellow scales 1
a: no special abilities


You were on level 1 of the Dungeon.
You visited 1 branch of the dungeon, and saw 1 of its levels.

You collected 14 gold pieces.

Inventory:

Hand Weapons
 a - a +2 dagger (weapon)
 c - a +0 shortbow
Missiles
 b - 6 curare-tipped darts (quivered)
Armour
 d - a +0 scale mail (worn)
Scrolls
 f - a scroll of teleportation {unknown}
 g - a scroll of noise {unknown}
Potions
 e - a potion of heal wounds
 h - a potion of attraction {unknown}


   Skills:
 * Level 1.8 Fighting
 + Level 0.5 Short Blades
 - Level 2.6 Bows
 - Level 2.6 Throwing
 - Level 1.0 Armour
 - Level 1.0 Dodging
 + Level 1.4 Stealth


You had one spell level left.
You didn't know any spells.
Your spell library was empty.

Dungeon Overview and Level Annotations

Branches:
Dungeon (1/15)

Altars:


Innate Abilities, Weirdness & Mutations

You are partially covered in yellow scales. (AC +2)


Message History

Things that are here:
a +0 dagger; a kobold corpse
b - 6 curare-tipped darts (gained 5)
Things that are here:
a +0 dagger; a kobold corpse
Found a stone staircase leading down.
There is a stone staircase leading down here.
h - a brown potion A gnoll comes into view.
It is wielding a +2 spear of freezing.
The gnoll shouts!
A gnoll is nearby!
The gnoll closely misses you.
You hit the gnoll.
The gnoll is lightly wounded.
The gnoll hits you with a +2 spear of freezing.
The gnoll freezes you.
You hit the gnoll.
The gnoll is moderately wounded.
The gnoll barely misses you.
You closely miss the gnoll.
The gnoll is moderately wounded.
The gnoll hits you with a +2 spear of freezing!
The gnoll freezes you.
You are too injured to fight recklessly!
You are too injured to fight recklessly!
You hit the gnoll.
The gnoll is heavily wounded.
The gnoll hits you with a +2 spear of freezing.
* * * LOW HITPOINT WARNING * * *
The gnoll freezes you.
* * * LOW HITPOINT WARNING * * *
You hit the gnoll.
The gnoll is severely wounded.
The gnoll hits you but does no damage.
You hit the gnoll but do no damage.
The gnoll is severely wounded.
The gnoll hits you with a +2 spear of freezing.
* * * LOW HITPOINT WARNING * * *
The gnoll freezes you.
You die...

#.#.## #. #.#.# #.
..#.## #. ###...
#. ###) #. ####.
######.## #.#
#.... .......g#
#.# #.### #.@#
####.#####.#
#..###........>.#
#......##.#####.#
............#.#
#.###
######.####.#.#
#....
#.####.#.########.
#.................
##################


You could see a gnoll.

Vanquished Creatures
  A dart slug (D:1)
  5 ball pythons (D:1)
  2 endoplasms (D:1)
  A goblin (D:1)
  A kobold (D:1)
  A bat (D:1)
11 creatures vanquished.

Notes
Turn   | Place    | Note
-------+----------+-------------------------------------------
     0 | D:1      | Hubjo the Demonspawn Wanderer began the quest for the Orb.
     0 | D:1      | Hubjo set off with the following items: a +2 dagger, a
                  | curare-tipped dart, a +0 shortbow, a +0 scale mail, a
                  | potion of heal wounds
     0 | D:1      | Reached XP level 1. HP: 15/15 MP: 1/1
   145 | D:1      | Gained mutation: You are partially covered in yellow
                  | scales. (AC +2) [demonic ancestry]
   145 | D:1      | Reached XP level 2. HP: 22/22 MP: 2/2
   182 | D:1      | Upgraded the game from 0.29-a0-542-g075992c915 to
                  | 0.29-a0-551-gffc1d7fb78
   287 | D:1      | HP: 1/22 [gnoll/+2 spear of freezing (2)]
   287 | D:1      | Slain by a gnoll

Illustrated notes

Levels and vault maps discovered:
D:1:      erik_arrival_cave_to_civilisation [erik_arrival_cave_to_hall],
          layout_loops_ring

Action                   || total
-------------------------++-------
Melee: Dagger            ||    41
Throw: Dart              ||     1
Armor: Scale mail        ||    15
Dodge: Dodged            ||    28

Table legend: (Time is in decaauts)
 A = Elapsed time spent in this place.
 B = Non-inter-level travel time spent in this place.
 C = Inter-level travel time spent in this place.
 D = Time resting spent in this place.
 E = Time spent auto-exploring this place.
 F = Levels seen in this place.
 G = Mean time per level.
                   A        B        C        D        E       F      G
               +--------+--------+--------+--------+--------+-----+--------+
         Total |    286 |    286 |      0 |      0 |    217 |   1 |  286.0 |
       Dungeon |    286 |    286 |      0 |      0 |    217 |   1 |  286.0 |
               +--------+--------+--------+--------+--------+-----+--------+

Top non-repeatable levels by time:
     D:1: 286 daAuts
